 Dungeon Crawl Stone Soup version 0.21.1-1-g345015fe64 (webtiles) character file.

65 Norrik the Chopper (level 3, -1/34 HPs)
             Began as a Minotaur Monk on Mar 21, 2018.
             Slain by a hound (5 damage)
             ... on level 3 of the Dungeon.
             The game lasted 00:05:57 (1537 turns).

Norrik the Chopper (Minotaur Monk)                  Turns: 1537, Time: 00:05:58

Health: -1/34      AC:  6    Str: 15    XL:     3   Next: 92%
Magic:  2/2        EV: 12    Int:  8    God:
Gold:   112        SH:  0    Dex: 12    Spells: 2/2 levels left

rFire    . . .     SeeInvis .   a - +0 hand axe
rCold    . . .     Gourm    .   (no shield)
rNeg     + . .     Faith    .   v - +1 ring mail {rN+}
rPois    .         Spirit   .   (helmet restricted)
rElec    .         Reflect  .   (no cloak)
rCorr    .         Harm     .   (no gloves)
MR       .....                  (no boots)
Stlth    +.........             (no amulet)
HPRegen  0.11/turn              (no ring)
MPRegen  0.08/turn              (no ring)

@: no status effects
A: retaliatory headbutt, horns 2
a: no special abilities


You were on level 3 of the Dungeon.
You were not hungry.

You visited 1 branch of the dungeon, and saw 3 of its levels.

You collected 112 gold pieces.

Inventory:

Hand Weapons
 a - a +0 hand axe (weapon)
Missiles
 g - 59 stones (quivered)
 r - 34 arrows
 u - 15 bolts
Armour
 b - a +0 robe
 l - a scarf of resistance
 m - a +0 ring mail
 v - a +1 ring mail of positive energy (worn)
Scrolls
 d - 2 scrolls of remove curse {unknown}
 e - a scroll of fear {unknown}
 i - 2 scrolls of noise {unknown}
 j - 2 scrolls of enchant armour {unknown}
 n - a scroll of immolation {unknown}
 p - a scroll of amnesia {unknown}
 q - 2 scrolls of identify {unknown}
 s - a scroll of blinking {unknown}
Potions
 f - 3 potions of brilliance {unknown}
 h - a potion of cancellation {unknown}
 k - a potion of degeneration {unknown}
 o - 2 potions of flight {unknown}
 t - 2 potions of mutation {unknown}
Comestibles
 c - 3 rations
 w - 6 chunks of flesh


   Skills:
 + Level 4.4 Fighting
 * Level 5.3 Axes
 - Level 3.2 Dodging
 - Level 1.5 Stealth


You had 2 spell levels left.
You didn't know any spells.

Dungeon Overview and Level Annotations

Branches:
Dungeon (3/15)

Altars:
Fedhas


Innate Abilities, Weirdness & Mutations

You reflexively headbutt those who attack you in melee.
You have a pair of horns on your head.


Message History

* * * LOW HITPOINT WARNING * * *
You hit the hound.
The hound is lightly wounded.
The hound bites you but does no damage. The hound bites you.
* * * LOW HITPOINT WARNING * * *
The hound bites you but does no damage.
The orc wizard looks braver for a moment.
The hound bites you.
* * * LOW HITPOINT WARNING * * *
The hound closely misses you.
The orc wizard mumbles some strange words.
The orc wizard seems to speed up.
The hound closely misses you. The hound bites you but does no damage.
You see here a chain mail.
The hound misses you. You furiously retaliate!
You headbutt the hound. The hound barely misses you. You furiously retaliate!
You headbutt the hound, but do no damage.
The hound bites you.
You die...

.....##)#.######
.....##.#.#
......#.#.#########
......#.#.........#
......#.#..######.#
#######.#..#....#.#
#.#..#.##.#.#
#.#..#.##.#.#
#.#..#....@.#
#.#....##h###
#....#).#.#
######.##.# #.##o#
#####.[.o####
#........)..#
#.#.o........#
#.#o#######..#


You could see a hound, an orc wizard and an orc.

Vanquished Creatures
  An adder (D:2)
  3 worms (D:3)
  A dart slug (D:2)
  3 leopard geckos
  A giant cockroach (D:1)
  10 goblins
  4 hobgoblins
  8 kobolds
  A quokka (D:2)
  5 bats
  2 frilled lizards
  2 rats (D:1)
41 creatures vanquished.

Notes
Turn   | Place    | Note
-------+----------+-------------------------------------------
     0 | D:1      | Norrik the Minotaur Monk began the quest for the Orb.
     0 | D:1      | Reached XP level 1. HP: 19/19 MP: 0/0
    97 | D:1      | You fall through a shaft!
   298 | D:1      | Reached skill level 4 in Axes
   351 | D:1      | Reached XP level 2. HP: 23/27 MP: 1/1
   826 | D:2      | Found a blossoming altar of Fedhas.
   842 | D:2      | Reached XP level 3. HP: 22/33 MP: 2/2
  1345 | D:3      | Reached skill level 5 in Axes
  1537 | D:3      | Slain by a hound

Skill      XL: |  1  2  3 |
---------------+----------+-----
Axes           | 4 5 |  5.3
Fighting       | 4 |  4.4
Dodging        | |  3.2
Stealth        | |  1.5

Action                   || total
-------------------------++-------
Melee: Hand axe          ||    91
       Headbutt          ||    10
 Stab: Sleeping          ||     1
  Eat: Chunk             ||     2
Armor: Ring mail         ||    28
Dodge: Dodged            ||    70
